 Dungeon Crawl Stone Soup version 0.31-a0-986-g5e6e4ef867 (webtiles) character file.

Game seed: 7954505022463510235

29782 Naiya55 the Severer (level 13, -2/106 HPs)
             Began as a Formicid Fighter on Nov 4, 2023.
             Was a High Priest of Okawaru.
             Slain by a skeletal warrior
             ... wielding a +0 long sword of flaming
              (16 damage)
             ... on level 13 of the Dungeon.
             The game lasted 00:27:54 (11212 turns).

Naiya55 the Severer (Formicid Fighter)             Turns: 11212, Time: 00:27:55

Health: -2/106     AC: 21    Str: 25    XL:     13   Next: 83%
Magic:  17/19      EV: 14    Int:  9    God:    Okawaru [*****.]
Gold:   1027       SH:  7    Dex: 13    Spells: 12/12 levels left

rFire   . . .        G - +5 war axe
rCold   . . .        c - +0 buckler
rNeg    + . .        K - +0 plate armour
rPois   .            (helmet unavailable)
rElec   .            u - +0 cloak
rCorr   .            v - +1 pair of gloves of Understanding {Fly}
SInv    +            (no boots)
Will    +....        l - amulet of regeneration Stlth
                     m - +5 ring of evasion
HPRegen 1.17/turn    N - ring of positive energy
MPRegen 0.16/turn

%: no passive effects
@: heroic, flying, studying Stealth
A: permanent stasis, dig shafts and tunnels, antennae 3, four strong arms
a: Dig, Shaft Self, Renounce Religion, Heroism, Finesse, Duel


You were on level 13 of the Dungeon.
You worshipped Okawaru.
Okawaru was extremely pleased with you.
You visited 3 branches of the dungeon, and saw 16 of its levels.
You also visited: Ossuary.

You collected 1027 gold pieces.

Inventory:

Hand Weapons
 s - a +0 battleaxe
 G - a +5 war axe (weapon)
 M - a +0 morningstar
Missiles
 k - 3 throwing nets
 p - a dart of dispersal
 A - 4 silver javelins
Armour
 c - a +0 buckler (worn)
 u - a +0 cloak (worn)
 v - the +1 pair of gloves of Understanding (worn) {Fly}
   (You found it on level 4 of the Dungeon)

   Fly:       It grants you flight.
 K - a +0 plate armour (worn)
Jewellery
 l - an amulet of regeneration (around neck)
 m - a +5 ring of evasion (left hand)
 N - a ring of positive energy (right hand)
 P - a ring of willpower
Wands
 h - a wand of flame (10)
 H - a wand of mindburst (23)
 I - a wand of polymorph (2)
 J - a wand of digging (6)
 O - a wand of roots (8)
Scrolls
 b - a scroll of fog {unknown}
 e - 4 scrolls of revelation {unknown}
 g - 3 scrolls of fear {unknown}
 i - 2 scrolls of summoning {unknown}
 o - a scroll of poison {unknown}
 q - 2 scrolls of enchant armour {unknown}
 t - 2 scrolls of blinking {unknown}
 x - 2 scrolls of brand weapon {unknown}
 y - 2 scrolls of noise {unknown}
 D - 2 scrolls of acquirement {unknown}
 E - a scroll of immolation {unknown}
 L - a scroll of vulnerability {unknown}
Potions
 a - a potion of brilliance
 d - a potion of might
 f - 9 potions of curing
 j - 4 potions of lignification
 r - a potion of cancellation
 w - 4 potions of mutation
 z - 3 potions of attraction {unknown}
 B - 2 potions of magic {unknown}
 C - a potion of invisibility {unknown}
 F - a potion of enlightenment {unknown}


   Skills:
 + Level 11.0(16.0) Fighting
 * Level 16.6(21.6) Axes
 - Level 10.1(15.1) Armour
 - Level 7.6(12.6) Shields
 - Level 8.1 Invocations


You had 12 spell levels left.
You didn't know any spells.
Your spell library contained the following spells:

 Spells                   Type           Power      Damage    Failure   Level
 Apportation              Tloc           0%         N/A       97%         1
 Necrotise                Necr           0%         1d4       97%         1
 Frozen Ramparts          Ice            0%         1d1       100%        3
 Ignite Poison            Fire/Tmut/Pois 0%         N/A       100%        3
 Mephitic Cloud           Conj/Pois/Air  0%         N/A       100%        3
 Brom's Barrelling Bould  Conj/Erth      0%         2d3       100%        4
 Fireball                 Conj/Fire      0%         3d3       100%        5
 Iskenderun's Battlesphe  Conj           0%         2d6       100%        5
 Conjure Ball Lightning   Conj/Air       0%         3x3d6     100%        6
 Eringya's Noxious Bog    Tmut/Pois      0%         4d6       100%        6
 Orb of Destruction       Conj           0%         9d5       100%        7
 Summon Small Mammal      Summ           Unusable   N/A       N/A         1

Dungeon Overview and Level Annotations

Branches:
Dungeon (14/15)            Temple (1/1) D:4            Lair (0/5) D:10
    Orc (1/2) D:10        Ossuary (visited)
 Vaults: D:13-14

Altars:
Ashenzari
Cheibriados
Dithmenos
Elyvilon
Fedhas
Gozag
Hepliaklqana
Kikubaaqudgha
Makhleb
Nemelex Xobeh
Okawaru
Qazlal
Ru
Sif Muna
Trog
Uskayaw
Vehumet
Wu Jian
Xom
Yredelemnul
Zin
The Shining One

Shops:
D:1 (   D:5 [

Annotations:
D:13 exclusion: obsidian statue


Innate Abilities, Weirdness & Mutations

You cannot be hasted, slowed, berserked, paralysed or teleported.
You can dig through walls and to a lower floor.
You have a pair of large antennae on your head. (SInv)
Your four strong arms can wield two-handed weapons with a shield.


Message History

The centaur warrior is heavily wounded.
You slash the skeletal warrior! The centaur warrior hits you.
The centaur warrior barely misses you.
The skeletal warrior hits you with a +0 long sword of flaming!!
The skeletal warrior burns you. The centaur warrior hits you.
The centaur warrior closely misses you.
You slice the centaur warrior!!
The centaur warrior is almost dead.
You closely miss the skeletal warrior.
The skeletal warrior hits you with a +0 long sword of flaming!
* * * LOW HITPOINT WARNING * * *
The skeletal warrior burns you.
* * * LOW HITPOINT WARNING * * *
The centaur warrior hits you but does no damage.
The centaur warrior kicks you but does no damage.
You slice the centaur warrior!!
You kill the centaur warrior!
Okawaru accepts your kill.
You hit the skeletal warrior but do no damage.
Your Fighting skill increases to level 11!
The skeletal warrior hits you but does no damage.
Things that are here:
a +0 orcbow; a +0 hand axe; a centaur corpse You hit the skeletal warrior but do no damage.
The skeletal warrior is moderately damaged.
The skeletal warrior hits you with a +0 long sword of flaming!!
* * * LOW HITPOINT WARNING * * *
The skeletal warrior burns you.
* * * LOW HITPOINT WARNING * * *
You feel much better.
The skeletal warrior hits you but does no damage.
You gain the combat prowess of a mighty hero.
The skeletal warrior hits you with a +0 long sword of flaming!!
* * * LOW HITPOINT WARNING * * *
The skeletal warrior burns you.
* * * LOW HITPOINT WARNING * * *
You hit the skeletal warrior.
The skeletal warrior is heavily damaged.
The skeletal warrior hits you with a +0 long sword of flaming!
You die...

>#######.....#.........#....#....
.#.....#.....#.........##...#....
.#.....#.....#..........#...+....
.#.....#.....#..........#...#....
.#'#'###..####...#......#...#....
..........#≈≈≈≈~~#......#...#....
?.........####..)#...)..#...#....
............####z>......#...####'
...............#@.......#........
...............#........#....>...
##+#####+#.....#######'##).......
.........#..............)<.......
...).....#.....~.~~....####......
#####....~....~..~.....#≈≈#......
###.....~....~~...##≈##......
###≈≈≈≈~~~~~~~~≈~≈≈≈≈≈#.......
#≈≈≈≈≈≈~.~~~~~~~~≈≈≈≈##.......


You could see a skeletal warrior.

Vanquished Creatures
  An ogre mage (D:10)
  5 centaur warriors (D:13)
  5 two-headed ogres
  A boulder beetle (D:13)
  11 skeletal warriors
  2 deep elf pyromancers (D:13)
  6 cyclopes
  2 gargoyles
  An unseen horror (D:11)
  3 kobold demonologists
  A wind drake (shapeshifter) (D:10)
  A troll (D:11)
  2 hornets
  A slime creature (D:7)
  3 wyverns (D:9)
  3 wraiths
  9 yaks
  Eustachio (D:6)
  3 shadows
  3 steam dragons
  4 acid dragons
  3 water moccasins
  2 orc warriors
  7 black bears
  6 ice beasts
  A sky beast (D:8)
  4 ogres
  11 centaurs
  A phantom (D:4)
  14 kobold brigands
  3 elf zombies (Ossuary)
  Blork the orc (D:6)
  7 bullfrogs
  2 gnoll sergeants
  4 scorpions
  8 wights
  15 killer bees
  3 howler monkeys
  6 centaur zombies (Ossuary)
  A crimson imp (D:13)
  3 human zombies (Ossuary)
  A jelly (D:7)
  6 orc priests
  2 hounds
  2 gnoll boudas
  An iguana (D:7)
  2 sleepcaps
  8 orc wizards
  4 mummies
  22 gnolls
  11 adders
  3 shadow imps
  2 white imps
  3 ufetubi
  A worm (D:2)
  3 dart slugs
  27 orcs
  5 bats
  9 endoplasms
  3 giant cockroaches
  6 goblins
  11 hobgoblins
  11 jackals
  35 kobolds
  3 quokkas
  10 ball pythons
  5 frilled lizards
  4 rats
370 creatures vanquished.

Notes
Turn   | Place    | Note
-------+----------+-------------------------------------------
     0 | D:1      | Naiya55 the Formicid Fighter began the quest for the Orb.
     0 | D:1      | Reached XP level 1. HP: 18/18 MP: 1/1
    33 | D:1      | Reached XP level 2. HP: 23/24 MP: 2/2
   205 | D:1      | Reached XP level 3. HP: 30/30 MP: 3/3
   232 | D:1      | Reached skill level 3 in Axes
   400 | D:1      | Found Erailoro's Weapon Emporium.
   748 | D:2      | Identified the of Qiyp
   781 | D:2      | Reached XP level 4. HP: 30/37 MP: 4/4
  1241 | D:2      | Found a radiant altar of Vehumet.
  1714 | D:3      | Found a sacrificial altar of Ru.
  1928 | D:3      | Reached skill level 4 in Axes
  2149 | D:3      | Found a white marble altar of Elyvilon.
  2153 | D:3      | Reached XP level 5. HP: 42/42 MP: 5/5
  2229 | D:4      | Found a staircase to the Ecumenical Temple.
  2271 | Temple   | Entered the Ecumenical Temple
  2291 | Temple   | Became a worshipper of Warmaster Okawaru
  2333 | D:4      | Noticed a +0 hand axe
  2423 | D:4      | Noticed a phantom
  2431 | D:4      | Noticed a +0 hand axe
  2443 | D:4      | Killed a phantom
  2444 | D:4      | Reached XP level 6. HP: 47/49 MP: 6/6
  2451 | D:4      | Found a hide-covered altar of Uskayaw.
  2535 | D:4      | Reached skill level 5 in Axes
  2539 | D:4      | Reached skill level 5 in Fighting
  2648 | D:4      | Noticed an ogre
  2659 | D:4      | Killed an ogre
  2686 | D:4      | Reached * piety under Okawaru
  2690 | D:4      | Reached XP level 7. HP: 40/56 MP: 7/7
  2741 | D:4      | Identified the +1 pair of gloves of Understanding {Fly}
  2944 | D:4      | Reached skill level 6 in Axes
  3103 | D:5      | Entered Level 5 of the Dungeon
  3135 | D:5      | Reached skill level 7 in Axes
  3135 | D:5      | Reached XP level 8. HP: 53/64 MP: 8/8
  3178 | D:5      | Reached ** piety under Okawaru
  3179 | D:5      | Reached skill level 1 in Invocations
  3187 | D:5      | Found Li Ji's Dragon-Slaying Spoils.
  3289 | D:5      | Found a sand-covered staircase.
  3298 | Ossuary  | Entered an ossuary
  3359 | Ossuary  | Reached skill level 8 in Axes
  3477 | Ossuary  | Reached XP level 9. HP: 71/71 MP: 10/10
  3499 | Ossuary  | Reached skill level 9 in Axes
  3558 | D:5      | Reached *** piety under Okawaru
  3675 | D:5      | Found a stormy altar of Qazlal.
  3833 | D:6      | Identified the +5 dagger of the Empty Page {freeze, rF- rC+
                  | Str+3}
  3839 | D:6      | Noticed Blork the orc
  3858 | D:6      | Killed Blork the orc
  4046 | D:6      | Noticed Eustachio
  4082 | D:6      | Killed Eustachio
  4083 | D:6      | Reached skill level 10 in Axes
  4163 | D:6      | Identified the +2 robe of Tender Moments {Dex+6}
  4719 | D:7      | Reached skill level 5 in Shields
  4723 | D:7      | Reached **** piety under Okawaru
  4724 | D:7      | Reached XP level 10. HP: 55/80 MP: 11/11
  4746 | D:7      | Reached skill level 5 in Armour
  5707 | D:8      | Reached skill level 5 in Invocations
  5719 | D:8      | Reached ***** piety under Okawaru
  5836 | D:8      | Received a gift from Okawaru
  6364 | D:9      | Reached XP level 11. HP: 86/86 MP: 15/17
  6937 | D:10     | Entered Level 10 of the Dungeon
  6943 | D:10     | Noticed a two-headed ogre
  6951 | D:10     | Killed a two-headed ogre
  6952 | D:10     | Reached skill level 11 in Axes
  6993 | D:10     | Noticed a two-headed ogre
  6999 | D:10     | Killed a two-headed ogre
  7092 | D:10     | Noticed a two-headed ogre
  7115 | D:10     | Killed a two-headed ogre
  7115 | D:10     | Received a gift from Okawaru
  7116 | D:10     | Reached skill level 12 in Axes
  7272 | D:10     | Noticed a sixfirhy
  7337 | D:10     | Reached skill level 10 in Fighting
  7353 | D:10     | Noticed a two-headed ogre
  7375 | D:10     | Killed a two-headed ogre
  7376 | D:10     | Reached XP level 12. HP: 25/97 MP: 10/18
  7442 | D:10     | Found a staircase to the Lair.
  7459 | D:10     | Found a staircase to the Orcish Mines.
  7461 | D:10     | Reached skill level 13 in Axes
  7749 | D:10     | Noticed an ogre mage
  7772 | D:10     | Killed an ogre mage
  7988 | D:10     | Found an ornate altar of the Wu Jian Council.
  7995 | D:10     | Found a glowing silver altar of Zin.
  8081 | D:14     | Identified the of Wetemm
  8081 | Orc:1    | Entered Level 1 of the Orcish Mines
  8184 | D:11     | Received a gift from Okawaru
  8241 | D:11     | Noticed a two-headed ogre
  8260 | D:11     | Killed a two-headed ogre
  8270 | D:11     | Noticed a sun demon
  8386 | D:11     | Reached skill level 14 in Axes
  8682 | D:12     | Noticed a skeletal warrior
  8682 | D:12     | Noticed a skeletal warrior
  8683 | D:12     | Noticed a skeletal warrior
  8720 | D:11     | Killed a skeletal warrior
  8902 | D:11     | Killed a skeletal warrior
  8902 | D:11     | Received a gift from Okawaru
  8955 | D:11     | Killed a skeletal warrior
  9298 | D:12     | Found a broken altar of Ashenzari.
  9337 | D:12     | Reached XP level 13. HP: 89/104 MP: 19/19
  9632 | D:13     | Noticed a centaur warrior
  9632 | D:13     | Noticed a centaur warrior
  9640 | D:13     | Reached skill level 15 in Axes
  9648 | D:13     | Killed a centaur warrior
  9648 | D:13     | Killed a centaur warrior
  9955 | D:13     | Received a gift from Okawaru
 10044 | D:13     | Reached skill level 16 in Axes
 10044 | D:13     | Reached skill level 10 in Armour
 10384 | D:13     | Noticed a centaur warrior
 10399 | D:13     | Killed a centaur warrior
 10768 | D:14     | Noticed a centaur warrior
 10768 | D:14     | Noticed a centaur warrior
 10859 | D:13     | Killed a centaur warrior
 11160 | D:13     | Received a gift from Okawaru
 11207 | D:13     | Killed a centaur warrior
 11209 | D:13     | HP: 1/106 [skeletal warrior/+0 long sword of flaming (6)]
 11212 | D:13     | Slain by a skeletal warrior

Illustrated notes

Levels and vault maps discovered:
D:1:      ldierk_walled_garden, layout_basic, serial_shops,
          nicolae_shop_crystal, minmay_tromino_v4_b
D:2:      layout_basic, basic_altar
D:3:      layout_loops_cross, mainiacjoe_overflow_cross_hatched,
          nicolae_elyvilon_peaceful_grove, kennysheep_potato
D:4:      layout_loops_ring, dancing_weapons_uskayaw,
          minmay_temple_entry_sparse_star, nicolae_half_adder
D:5:      nicolae_cairo_tiling_large_dashed, layout_rooms,
          nicolae_qazlal_general_emergency, gup_ossuary_entry_pyramid,
          nicolae_shop_dragon_depot
D:6:      layout_loops_ring, uniq_blork_the_orc, uniq_eustachio
D:7:      layout_cave_pods, minmay_manual_monstrance
D:8:      layout_basic
D:9:      layout_rooms, nicolae_concentric_dashed_squares_wild
D:10:     nzn_winding_woodlands_three_and_one
          [nzn_winding_woodlands_5x15_garden,
          nzn_winding_woodlands_5x15_crooked, nzn_winding_woodlands_5x15_zeroes,
          nzn_winding_woodlands_center_diamonds], layout_loops_ring,
          amethyst_overflow_temple_binary, due_lair_maze_entry_diamond,
          minmay_orc_entry_temple_small
D:11:     layout_cave_pools, minmay_gold_behind_fungi
D:12:     layout_cave_pools, ashenzari_altar_1
D:13:     kennysheep_kobold_grotto, layout_irregular_city, serial_rivers,
          chequers_serial_rivers_small_3, chequers_serial_rivers_micro_b,
          chequers_serial_rivers_large_b, chequers_serial_rivers_micro_b,
          chequers_serial_rivers_small_a, chequers_serial_rivers_room_a
D:14:     minmay_strange_plus, layout_cave_pools, david_vaults_5,
          abandoned_shop, eino_house_with_fridge, uniq_jorgrun
Temple:   compressed_dpeg_triangle_lava_temple
Orc:1:    layout_caves, uniq_fannar, uniq_maurice, uniq_nergalle, uniq_urug

Skill      XL: |  1  2  3  4  5  6  7  8  9 10 11 12 13 |
---------------+----------------------------------------+-----
Axes           | 3 4 5 7 8 10 12 14 16 | 16.6
Fighting       | 4 5 6 8 10 11 | 11.0
Invocations    | 2 8 |  8.1
Armour         | 4 6 8 10 | 10.1
Shields        | 5 7 |  7.6

Action                     |  1- 3 |  4- 6 |  7- 9 | 10-12 | 13-15 || total
---------------------------+-------+-------+-------+-------+-------++-------
  Melee: War axe           |    72 |   141 |   355 |   685 |   242 ||  1495
 Invoke: Heroism           |       |       |     1 |     7 |     3 ||    11
         Finesse           |       |       |       |     1 |     1 ||     2
Ability: Dig               |       |     1 |       |       |     2 ||     3
    Use: Potion            |       |     1 |       |       |     3 ||     4
         Scroll            |       |       |     4 |     6 |       ||    10
 Armour: Scale mail        |    57 |    77 |   203 |    25 |       ||   362
         Chain mail        |       |       |       |   290 |       ||   290
         Plate armour      |       |       |       |   105 |   214 ||   319
  Dodge: Dodged            |    40 |    80 |   251 |   357 |   103 ||   831
  Block: Buckler           |    21 |    34 |    84 |   178 |    60 ||   377

Table legend: (Time is in decaauts)
 A = Elapsed time spent in this place.
 B = Non-inter-level travel time spent in this place.
 C = Inter-level travel time spent in this place.
 D = Time resting spent in this place.
 E = Time spent auto-exploring this place.
 F = Levels seen in this place.
 G = Mean time per level.
                   A        B        C        D        E       F      G
               +--------+--------+--------+--------+--------+-----+--------+
         Total |  11186 |  10717 |    469 |    602 |   6890 |  17 |  658.0 |
       Dungeon |  10912 |  10460 |    452 |    602 |   6827 |  14 |  779.4 |
        Temple |     38 |     21 |     17 |      0 |      0 |   1 |   38.0 |
  Orcish Mines |      9 |      9 |      0 |      0 |      0 |   1 |    9.0 |
       Ossuary |    225 |    225 |      0 |      0 |     63 |   1 |  225.0 |
               +--------+--------+--------+--------+--------+-----+--------+

Top non-repeatable levels by time:
    D:13: 1551 daAuts
    D:10: 1199 daAuts
     D:7: 979 daAuts
     D:4: 858 daAuts
     D:2: 797 daAuts
     D:6: 785 daAuts
     D:1: 776 daAuts
    D:11: 746 daAuts
     D:9: 729 daAuts
     D:3: 711 daAuts
     D:8: 667 daAuts
    D:12: 588 daAuts
     D:5: 469 daAuts
 Ossuary: 225 daAuts
    D:14: 51 daAuts
